 Dungeon Crawl Stone Soup version 0.17-a0-1411-g06ff558 (webtiles) character file.

6821 RobertPalmer the Fencer (level 10, -3/81 HPs)
             Began as a Grey Draconian Chaos Knight on June 22, 2015.
             Slain by a hill giant
             ... wielding a +0 giant spiked club
              (37 damage)
             ... on level 10 of the Dungeon on June 24, 2015.
             The game lasted 00:36:27 (12571 turns).

RobertPalmer the Fencer (DrCK)                     Turns: 12571, Time: 00:36:27

Health: -3/81      AC: 17    Str: 14    XL:     10   Next: 77%
Magic:  9/9        EV: 12    Int: 15    God:    Xom [.*....]
Gold:   835        SH:  0    Dex: 10    Spells: 0 memorised, 9 levels left

rFire  . . .     SeeInvis .     a - +2 triple sword (drain)
rCold  . . .     Clarity  .     (armour unavailable)
rNeg   . . .     SustAt   .     (no shield)
rPois  .         Gourm    .     (helmet restricted)
rElec  +         Spirit   .     w - +0 cloak
rCorr  .         Warding  .     C - +0 pair of gloves
rMut   .         Stasis   .     h - +2 pair of boots {run}
MR     .....                    (no amulet)
Stlth  ++........               (no ring)
                                t - ring of stealth {Stlth+}

@: quick, not resistant to hostile enchantments, unstealthy
A: walk through water, unfitting armour, big wings, blurry vision 2, low mp 1,
electricity resistance, weak 1, unbreathing, cold-blooded, AC +12
a: Fly, Renounce Religion


You were on level 10 of the Dungeon.
You worshipped Xom.
You were a plaything of Xom.
You were not hungry.

You visited 1 branch of the dungeon, and saw 10 of its levels.

You collected 1579 gold pieces.
You spent 744 gold pieces at shops.

Inventory:

Hand weapons
 a - a +2 triple sword of draining (weapon)
   (You acquired it on level 4 of the Dungeon)
 b - a +0 blowgun
   (You took it off a kobold on level 3 of the Dungeon)
Missiles
 u - 32 poisoned needles
 v - 12 needles of frenzy
Armour
 h - a +2 pair of boots of running (worn)
   (Xom gifted it to you on level 2 of the Dungeon)
 w - a +0 cloak (worn)
   (You found it on level 10 of the Dungeon)
 C - a +0 pair of gloves (worn)
   (You found it on level 8 of the Dungeon)
Jewellery
 p - the ring of the Cockatrice {Ice MR+}
   (You found it on level 9 of the Dungeon)

   [ring of ice]

   It enhances your ice magic, and weakens your fire magic.
   It makes you vulnerable to fire.
   It protects you from cold.
   It affects your resistance to hostile enchantments.
 t - a ring of stealth (left hand) {Stlth+}
   (You found it on level 3 of the Dungeon)
Magical devices
 o - a wand of polymorph (5)
   (You found it on level 2 of the Dungeon)
 q - a wand of magic darts (31)
   (You took it off a kobold on level 8 of the Dungeon)
 G - a wand of flame (13)
   (You found it on level 10 of the Dungeon)
Scrolls
 c - 3 scrolls of enchant armour
 e - 6 scrolls of teleportation
 j - a scroll of remove curse
 k - 2 scrolls of magic mapping {!r}
 m - 2 scrolls of fear
 n - a scroll of fog
 y - 2 scrolls of enchant weapon
 D - a scroll of identify
Potions
 f - 3 potions of brilliance {unknown}
 g - a potion of agility {unknown}
 i - a potion of curing
 l - a potion of flight {unknown}
 x - 2 potions of lignification {unknown}
Books
 r - the Grimoire of the Blaze
   (You found it on level 5 of the Dungeon)

   Spells                             Type                      Level
   a - Flame Tongue                   Conjuration/Fire             1
   b - Ignite Poison                  Fire/Transmutation/Poison    3
   c - Ring of Flames                 Charms/Fire                  7
 z - a book of Enchantments
   (You found it on level 6 of the Dungeon)
 A - a book of Conjurations
   (Xom gifted it to you on level 4 of the Dungeon)
Comestibles
 d - 6 meat rations {@e2}
 s - 3 bread rations {@e1}
 E - a royal jelly


   Skills:
 - Level 5.2 Fighting
 + Level 15.4 Long Blades
 - Level 2.1 Dodging


You had 9 spell levels left.
You didn't know any spells.

Dungeon Overview and Level Annotations

Branches:
Dungeon (10/15)            Temple (0/1) D:7            Lair (0/8) D:10
    Orc: D:9-12

Altars:
Ashenzari
Elyvilon
Fedhas
Gozag
Makhleb
Nemelex Xobeh
Qazlal
Sif Muna
Trog
Vehumet

Shops:
D:4 *   D:5 *%   D:6 }   D:7 *

Annotations:
D:2 exclusion: oklob plant


Innate Abilities, Weirdness & Mutations

You can walk through water.
Your dull iron-grey scales are very hard (AC +12).
Your body does not fit into most forms of armour.
You can survive without breathing.
You are cold-blooded and may be slowed by cold attacks.
Your large and strong wings let you fly indefinitely.
Scrolls take you longer to read.
Your magical capacity is low (-10% MP).
You are resistant to electric shocks.
You are weak. (Str -2)


Message History

You barely miss the giant gecko. The giant gecko closely misses you.
You hit the giant gecko but do no damage.
You drain the giant gecko! The giant gecko barely misses you.
The giant gecko closely misses you.
You slash the giant gecko!
You kill the giant gecko!
Things that are here:
a jackal corpse; an iguana corpse An iguana comes into view.
The iguana hisses angrily.
You slice the iguana!!
You kill the iguana!
No target in view!
No target in view!
A steam dragon comes into view.
A worker ant comes into view.
The steam dragon moves out of view.
A komodo dragon comes into view.
The steam dragon barely misses you. The steam dragon claws you.
You take 3 damage, and have 78/81 hp.
You hit the steam dragon but do no damage.
You tail-slap the steam dragon. The steam dragon barely misses you.
The steam dragon claws you but does no damage.
You slice the steam dragon!!
The worker ant twitches its antennae in your direction.
The steam dragon bites you but does no damage.
The steam dragon claws you but does no damage.
The worker ant waves its antennae.
The worker ant moves out of view.
You slice the steam dragon!!
You kill the steam dragon!
Found a staircase to the Lair.
The worker ant bites you.
You take 5 damage, and have 74/81 hp.
The komodo dragon hisses angrily.
The worker ant closely misses you.
A crocodile comes into view.
You slash the worker ant! You drain the worker ant!
The worker ant bites you but does no damage.
You hit the worker ant but do no damage.
You drain the worker ant! The worker ant closely misses you.
The worker ant closely misses you.
A crocodile comes into view.
You closely miss the worker ant.
The worker ant bites you but does no damage.
The troll shouts!
You slash the worker ant!
You kill the worker ant!
The komodo dragon bites you but does no damage.
Unknown command.
Things that are here:
a jackal corpse; an iguana corpse Drink which item? (? for menu, Esc to quit)
Okay, then.
Drop what? 32/52 slots (_ for help) (? for menu, Esc to quit)
You drop a potion of poison {!q}.
You hit the komodo dragon.
You tail-slap the komodo dragon, but do no damage.
The komodo dragon bites you but does no damage.
You slash the komodo dragon! You drain the komodo dragon!
You tail-slap the komodo dragon, but do no damage.
The komodo dragon completely misses you.
The komodo dragon closely misses you.
Health restored: 81 You hit the komodo dragon.
You drain the komodo dragon! You tail-slap the komodo dragon.
The komodo dragon bites you.
You take 2 damage, and have 79/81 hp.
You hit the komodo dragon. You drain the komodo dragon!
The komodo dragon bites you but does no damage.
You barely miss the komodo dragon.
You tail-slap the komodo dragon, but do no damage.
The komodo dragon bites you!
You take 7 damage, and have 72/81 hp.
You closely miss the komodo dragon. The komodo dragon bites you!
You take 16 damage, and have 56/81 hp.
You slash the komodo dragon! You drain the komodo dragon!
The komodo dragon bites you but does no damage.
Unknown command.
You slice the komodo dragon!!
You kill the komodo dragon!
You slash the crocodile! You drain the crocodile!
You kill the crocodile!
You closely miss the troll. The troll closely misses you.
The troll barely misses you. The troll misses you.
The troll closely misses you. The troll claws you but does no damage.
The troll barely misses you.
You closely miss the troll. You tail-slap the troll. The troll bites you!
The troll closely misses you. The troll claws you.
You take 15 damage, and have 43/81 hp.
You hit the troll. The troll bites you! The troll completely misses you.
The troll claws you.
You take 11 damage, and have 32/81 hp.
Unknown command. "Burn, baby, burn!"
The fireball engulfs the crocodile.
The fireball engulfs the troll.
You hear a shout!
The hill giant shouts!
The hill giant hits you with a giant spiked club!!!
You die...
Xom bursts into laughter!

.#
#........###...............##
.#
#................>.........#
.#
#.........##################
.# #.........# .# #.........#
.# #.........# .# #....<....#
#####
.####.........#######...####
...............C@.T.t###..!###
# .............#######.#
####†.###. .............## ###
#.....# ######........#
###.... #........# #####
#........# #
#..###...############ ####
#..# #......##...#..# #..#
#..# #......##...#..# #..#


You could see a hill giant, a troll and a crocodile.

Vanquished Creatures
  A hill giant (D:10)
  An ugly thing (D:9)
  A komodo dragon (D:10)
  A troll (D:10)
  2 deep elf magi
  3 yaks
  2 hippogriffs
  A steam dragon (D:10)
  A hungry ghost (D:9)
  A swamp drake (D:5)
  An orc warrior (D:9)
  2 sky beasts
  2 necrophages
  2 ogres
  4 centaurs
  2 ice beasts
  An eye of draining (D:9)
  A big kobold (D:2)
  A crocodile (D:10)
  A giant frog (D:8)
  A water moccasin zombie (D:8)
  3 killer bees
  14 wights
  3 crimson imps
  2 centaur skeletons
  6 hounds
  4 orc priests
  2 iguanas (D:10)
  7 worker ants
  11 orc wizards
  A hound skeleton (D:7)
  2 hound zombies
  Robin (D:2)
  A worker ant zombie (D:9)
  12 adders
  3 shadow imps
  An ooze (D:1)
  2 worms (D:2)
  6 giant geckos
  30 orcs
  A ball python (D:2)
  18 bats
  A bat skeleton (D:4)
  21 goblins
  21 hobgoblins
  21 jackals
  14 kobolds
  4 quokkas
  7 giant cockroaches
  2 giant gecko skeletons
  2 giant newts
  A jackal skeleton (D:4)
  3 quokka skeletons
  15 rats
274 creatures vanquished.

Vanquished Creatures (collateral kills)
  Joseph (D:7)
  The ghost of herpmino the Cruncher, an experienced VSGl of Ashenzari (D:6)
  A water moccasin (D:9)
  An orc warrior (D:6)
  2 orc wizards (D:6)
  2 orc priests (D:6)
  Terence (D:2)
  An adder (D:6)
  An orc (D:6)
11 creatures vanquished.

Vanquished Creatures (others)
  A killer bee (D:8)
  An orc (D:5)
  2 fungi (D:2)
  2 plants (D:2)
6 creatures vanquished.

Grand Total: 291 creatures vanquished

Notes
Turn   | Place    | Note
--------------------------------------------------------------
     0 | D:1      | RobertPalmer the Draconian Chaos Knight began the quest for the Orb.
     0 | D:1      | Reached XP level 1. HP: 19/19 MP: 1/1
    15 | D:1      | XOM: butterfly on damage
   279 | D:1      | Reached XP level 2. HP: 26/26 MP: 2/2
   408 | D:1      | XOM: harmless Pois miscast
   504 | D:1      | Reached skill level 4 in Long Blades
   584 | D:1      | XOM: harmless Conj miscast
   661 | D:1      | Reached XP level 3. HP: 28/31 MP: 3/3
   814 | D:1      | Upgraded the game from 0.17-a0-1409-ge6d9485 to 0.17-a0-1411-g06ff558
   854 | D:2      | Found a sparkling altar of Nemelex Xobeh.
   858 | D:2      | Noticed Sigmund
   913 | D:1      | XOM: divination: detect creatures
   955 | D:2      | Noticed Robin
   980 | D:2      | HP: 5/31 [Robin/vampiric trident (7)]
   981 | D:2      | HP: 1/31 [Robin/vampiric trident (4)]
   990 | D:2      | Killed Robin
  1031 | D:2      | Found a blossoming altar of Fedhas.
  1045 | D:2      | Noticed an oklob plant
  1064 | D:2      | XOM: harmless Tloc miscast
  1084 | D:2      | Noticed Terence
  1089 | D:2      | XOM: mild Pois miscast
  1095 | D:2      | XOM: summons friendly white imp
  1099 | D:2      | Killed Terence
  1099 | D:2      | Reached skill level 5 in Long Blades
  1099 | D:2      | Reached XP level 4. HP: 26/38 MP: 4/4
  1186 | D:2      | Noticed Huxter
  1190 | D:2      | Killed Huxter the big kobold
  1202 | D:2      | Noticed Sigmund
  1202 | D:2      | Sigmund changed into Sigmund the worm
  1202 | D:2      | XOM: polymorph Sigmund -> Sigmund the worm
  1209 | D:2      | Killed Sigmund the worm
  1342 | D:2      | XOM: 8-stop teleportation journey
  1348 | D:2      | XOM: god gift: 16 gold pieces
  1452 | D:2      | XOM: god gift: pair of runed boots {god gift}
  1470 | D:2      | Identified a +0 pair of boots of running (Xom gifted it to you on level 2 of the Dungeon)
  1830 | D:3      | Found a white marble altar of Elyvilon.
  2098 | D:3      | XOM: summons friendly iron imp
  2272 | D:2      | XOM: give mutations
  2272 | D:2      | Gained mutation: Scrolls take you a little longer to read. [Xom's mischief]
  2272 | D:2      | Gained mutation: You are clumsy. (Dex -2) [Xom's mischief]
  2272 | D:2      | Gained mutation: You are resistant to hostile enchantments. [Xom's mischief]
  2365 | D:2      | Reached XP level 5. HP: 29/45 MP: 5/5
  2454 | D:2      | XOM: medium Conj miscast
  2484 | D:2      | XOM: mild Fire miscast
  2658 | D:3      | Found a stormy altar of Qazlal.
  2658 | D:3      | Found a deep blue altar of Sif Muna.
  2659 | D:3      | Found a shattered altar of Ashenzari.
  2659 | D:3      | Found a bloodstained altar of Trog.
  2661 | D:3      | Found a radiant altar of Vehumet.
  2676 | D:3      | XOM: divination: detect creatures
  2718 | D:3      | Reached skill level 6 in Long Blades
  2918 | D:3      | HP: 11/45 [orc (3)]
  2924 | D:3      | HP: 6/45 [orc/trident (6)]
  2929 | D:3      | HP: 6/45 [orc/trident (11)]
  3060 | D:3      | XOM: give mutations
  3060 | D:3      | Gained mutation: Your large and strong wings let you fly indefinitely. [Xom's grace]
  3060 | D:3      | Gained mutation: You have a pair of small horns on your head. [Xom's grace]
  3060 | D:3      | Gained mutation: You are resistant to electric shocks. [Xom's grace]
  3301 | D:3      | XOM: god gift: 990 gold pieces
  3380 | D:4      | Found a staircase to the Ecumenical Temple.
  3384 | D:4      | Found Afiyphank's General Store.
  3403 | D:4      | Bought a scroll of acquirement for 624 gold pieces
  3403 | D:4      | Bought a scroll of enchant weapon for 90 gold pieces
  3565 | D:4      | XOM: summons friendly iron imp
  3569 | D:4      | Reached XP level 6. HP: 39/51 MP: 6/6
  3646 | D:4      | XOM: god gift: metal-bound book {god gift}
  3726 | D:4      | Reached skill level 7 in Long Blades
  4033 | D:5      | Entered Level 5 of the Dungeon
  4060 | D:5      | Found Rehamaopud's Food Shop.
  4148 | D:5      | XOM: 3-stop teleportation journey
  4251 | D:5      | Identified the Grimoire of the Blaze (You found it on level 5 of the Dungeon)
  4361 | D:5      | XOM: god gift: halberd {god gift}
  4388 | D:5      | Found Vadearphu's General Store.
  4414 | D:5      | Bought a potion of curing for 30 gold pieces
  4488 | D:5      | XOM: god gift: scroll of enchant armour
  4624 | D:5      | XOM: vitrification
  4858 | D:5      | Drew Focus: Str increased to 16, Dex decreased to 9
  4864 | D:5      | XOM: enchant monster (good)
  5001 | D:6      | Reached skill level 8 in Long Blades
  5001 | D:6      | Your scales start taking on a dull iron-grey colour.
  5001 | D:6      | Gained mutation: You can survive without breathing. [Grey Draconian growth]
  5001 | D:6      | Reached XP level 7. HP: 44/57 MP: 7/7
  5155 | D:6      | XOM: vitrification
  5204 | D:6      | XOM: smoke on damage
  5233 | D:6      | Reached skill level 9 in Long Blades
  5341 | D:6      | XOM: harmless Necr miscast
  5455 | D:6      | Found Ogivi's Quality Used Wands.
  5474 | D:6      | Noticed herpmino's ghost (experienced VSGl)
  5620 | D:6      | XOM: summons 6 friendly demons
  5631 | D:6      | Killed herpmino's ghost
  5631 | D:6      | Reached XP level 8. HP: 32/63 MP: 8/8
  5639 | D:6      | Reached skill level 10 in Long Blades
  5655 | D:6      | XOM: give mutations
  5655 | D:6      | Lost mutation: You are clumsy. (Dex -2) [Xom's mischief]
  5655 | D:6      | Lost mutation: You have a pair of small horns on your head. [Xom's mischief]
  5655 | D:6      | Lost mutation: Scrolls take you a little longer to read. [Xom's mischief]
  6046 | D:6      | XOM: give mutations
  6046 | D:6      | Gained mutation: Scrolls take you a little longer to read. [Xom's mischief]
  6046 | D:6      | Gained mutation: You are weak. (Str -2) [Xom's mischief]
  6046 | D:6      | Gained mutation: Scrolls take you longer to read. [Xom's mischief]
  6046 | D:6      | Lost mutation: You are resistant to hostile enchantments. [Xom's mischief]
  6235 | D:6      | XOM: god gift: 13 gold pieces
  6249 | D:6      | XOM: cast spell 'Ice Form'
  6721 | D:7      | Found Gozag's Platinum Reserve.
  6721 | D:7      | Found an opulent altar of Gozag.
  6800 | D:7      | XOM: 4-stop teleportation journey
  6978 | D:7      | Noticed Joseph
  6991 | D:7      | XOM: summons 3 friendly demons
  6993 | D:7      | Killed Joseph
  6993 | D:7      | Reached skill level 11 in Long Blades
  7596 | D:6      | XOM: enchant monster (good)
  8118 | D:7      | Reached XP level 9. HP: 63/70 MP: 9/9
  8186 | D:7      | Reached skill level 12 in Long Blades
  8504 | D:7      | XOM: smoke on damage
  8571 | D:7      | XOM: cast spell 'Dragon Form'
  8586 | D:7      | Found a staircase to the Ecumenical Temple.
  8768 | D:7      | XOM: medium Summ miscast
  8773 | D:7      | HP: 11/70 [small abomination[the capriciousness of Xom] (10)]
  8778 | D:7      | HP: 8/70 [small abomination[the capriciousness of Xom] (10)]
  9300 | D:8      | XOM: enchant monster (good)
  9301 | D:8      | XOM: confuse monster(s)
  9320 | D:8      | XOM: 3-stop teleportation journey
  9648 | D:8      | XOM: harmless Ice miscast
  9724 | D:8      | XOM: 5-stop teleportation journey
  9897 | D:8      | HP: 17/70 [something (7)]
  9976 | D:8      | HP: 16/70 [something (5)]
 10203 | D:9      | XOM: divination: detect items
 10218 | D:9      | Reached skill level 13 in Long Blades
 10283 | D:9      | XOM: confusion
 10360 | D:9      | XOM: medium Air miscast
 10422 | D:9      | XOM: harmless Pois miscast
 10444 | D:9      | XOM: summons 2 friendly demons
 10451 | D:9      | Got a slimy steel ring
 10454 | D:9      | Identified the ring of the Cockatrice {Ice MR+} (You found it on level 9 of the Dungeon)
 10474 | D:9      | Noticed a white ugly thing
 10478 | D:9      | XOM: potion effect (invisibility)
 10483 | D:9      | XOM: summons friendly white imp
 10498 | D:9      | Killed a purple ugly thing
 10498 | D:9      | Reached skill level 14 in Long Blades
 10545 | D:9      | XOM: confusion
 10550 | D:9      | XOM: confuse monster(s)
 10551 | D:9      | XOM: enchant monster (bad)
 10559 | D:9      | Reached XP level 10. HP: 70/77 MP: 10/10
 10675 | D:9      | Noticed a komodo dragon
 10708 | D:9      | XOM: colour smoke trail
 11042 | D:10     | Entered Level 10 of the Dungeon
 11045 | D:10     | XOM: confuse monster(s)
 11261 | D:10     | Noticed a hill giant
 11433 | D:10     | XOM: god gift: 51 gold pieces
 11479 | D:10     | Noticed a hill giant
 11491 | D:10     | Killed a hill giant
 11491 | D:10     | Reached skill level 15 in Long Blades
 11524 | D:10     | XOM: harmless Ice miscast
 11704 | D:10     | Got a jewelled falchion
 11716 | D:10     | Identified the +1 falchion of the Hand {slice, rF+ Str+4} (You found it on level 10 of the Dungeon)
 11733 | D:10     | Reached skill level 4 in Fighting
 11759 | D:10     | XOM: fog
 11797 | D:10     | XOM: confusion
 11808 | D:10     | Noticed a hill giant
 11819 | D:10     | XOM: confuse monster(s)
 12080 | D:10     | Reached skill level 5 in Fighting
 12169 | D:10     | XOM: fog
 12229 | D:10     | Found a burning altar of Makhleb.
 12269 | D:10     | XOM: give mutation
 12269 | D:10     | Gained mutation: Your magical capacity is low (-10% MP). [Xom's mischief]
 12519 | D:10     | Found a staircase to the Lair.
 12565 | D:10     | XOM: destruction
 12571 | D:10     | Slain by a hill giant

Vault maps used:
D:1:      lemuel_arrival_room, kennysheep_pointless_box
D:2:      tgw_fedhas, nemelex_deck, uniq_robin, uniq_sigmund, uniq_terence
D:3:      grunt_temple_overflow_open, first_bread, elyvilon_altar_1
D:4:      minmay_temple_entry_statues_fountains, serial_shops, shop,
          wad_orctagon
D:5:      serial_shops, shop, shop
D:6:      minmay_flawed_box, nicolae_for_you_no_charge
D:7:      nicolae_gozag_zags_fifth_avenue, minmay_temple_entry_statues,
          uniq_joseph
D:9:      grunt_ministairs_1
D:10:     erik_lair_dragon, basic_altar

Action                   |  1- 3 |  4- 6 |  7- 9 | 10-12 || total
-------------------------+-------+-------+-------+-------++-------
Melee: Falchion          |   121 |   143 |   258 |    44 ||   566
       Unarmed           |       |    10 |     1 |       ||    11
       Triple sword      |       |   106 |   146 |    71 ||   323
       Great sword       |       |       |    51 |   111 ||   162
 Fire: Blowgun           |       |     5 |     3 |       ||     8
Evoke: Deck              |     4 |     6 |     1 |       ||    11
       Wand              |       |     1 |     3 |       ||     4
  Use: Potion            |     2 |     6 |     8 |     1 ||    17
       Scroll            |     1 |    11 |     4 |     4 ||    20
 Stab: Paralysed         |       |     2 |     5 |       ||     7
       Confused          |       |     2 |     5 |     1 ||     8
       Sleeping          |       |     7 |     3 |     2 ||    12
       Invisible         |       |       |     4 |       ||     4
  Eat: Chunk             |     1 |    10 |    14 |     5 ||    30
       Pizza             |       |     1 |       |       ||     1
       Beef jerky        |       |       |     1 |     1 ||     2
       Royal jelly       |       |       |     1 |       ||     1

Vault maps used:
D:1:      lemuel_arrival_room, kennysheep_pointless_box
D:2:      tgw_fedhas, nemelex_deck, uniq_robin, uniq_sigmund, uniq_terence
D:3:      grunt_temple_overflow_open, first_bread, elyvilon_altar_1
D:4:      minmay_temple_entry_statues_fountains, serial_shops, shop,
          wad_orctagon
D:5:      serial_shops, shop, shop
D:6:      minmay_flawed_box, nicolae_for_you_no_charge
D:7:      nicolae_gozag_zags_fifth_avenue, minmay_temple_entry_statues,
          uniq_joseph
D:9:      grunt_ministairs_1
D:10:     erik_lair_dragon, basic_altar

Table legend:
 A = Turns spent in this place as a percentage of turns spent in the entire game.
 B = Non-inter-level travel turns spent in this place as a percentage of non-inter-level travel turns spent in the entire game.
 C = Inter-level travel turns spent in this place as a percentage of turns spent in this place.
 D = Turns resting spent in this place as a percentage of non-inter-level travel turns spent in this place.
 E = Turns spent auto-exploring this place as a percentage of non-inter-level travel turns spent in this place.
 F = Non-inter-level travel turns spent in this place divided by the number of levels of this place that you've seen.
                   A       B       C       D       E      F
               +-------+-------+-------+-------+-------+----------------------
         Total | 100.0 | 100.0 |   0.5 |   2.9 |   6.4 | 454.5
       Dungeon | 100.0 | 100.0 |   0.5 |   2.9 |   6.4 | 454.5
               +-------+-------+-------+-------+-------+----------------------

Table legend:
 A = Kills in this place as a percentage of kills in entire the game.
 B = Kills by you in this place as a percentage of kills by you in the entire game.
 C = Kills by friends in this place as a percentage of kills by friends in the entire game.
 D = Other kills in this place as a percentage of other kills in the entire game.
 E = Experience gained in this place as a percentage of experience gained in the entire game.
 F = Experience gained in this place divided by the number of levels of this place that you have seen.
                   A       B       C       D       E      F
               +-------+-------+-------+-------+-------+----------------------
         Total | 100.0 | 100.0 | 100.0 | 100.0 | 100.0 | 974.5
       Dungeon | 100.0 | 100.0 | 100.0 | 100.0 | 100.0 | 974.5
               +-------+-------+-------+-------+-------+----------------------
